 Dungeon Crawl Stone Soup version 0.30-a0-772-g5528072125 (webtiles) character file.

Game seed: 10864128833026268305

436 HammerPanzer the Cleaver (level 6, -3/51 HPs)
             Began as a Minotaur Berserker on Feb 12, 2023.
             Was a Priest of Trog.
             Slain by an ogre
             ... wielding a +0 giant spiked club
              (24 damage)
             ... on level 4 of the Dungeon.
             The game lasted 00:06:47 (3013 turns).

HammerPanzer the Cleaver (Minotaur Berserker)       Turns: 3013, Time: 00:06:48

Health: -3/51      AC: 11    Str: 24    XL:     6   Next: 69%
Magic:  5/5        EV:  7    Int:  4    God:    Trog [***...]
Gold:   259        SH:  0    Dex:  9    Spells: 5/5 levels left

rFire   . . .      SeeInvis .    a - +0 hand axe
rCold   . . .      Faith    .    (no shield)
rNeg    . . .      Spirit   .    d - +0 plate armour
rPois   .          Reflect  .    (helmet restricted)
rElec   .          Harm     .    (no cloak)
rCorr   .          Rampage  .    (no gloves)
Will    .....                    (no boots) Stlth
                                 (no amulet)
HPRegen 0.28/turn                (no ring)
MPRegen 0.09/turn                (no ring)

@: no status effects
A: horns 2, retaliatory headbutt
a: Renounce Religion, Berserk, Trog's Hand


You were on level 4 of the Dungeon.
You worshipped Trog.
Trog was most pleased with you.
You visited 1 branch of the dungeon, and saw 4 of its levels.
You also visited: Sewer.

You collected 259 gold pieces.

Inventory:

Hand Weapons
 a - a +0 hand axe (weapon)
Missiles
 h - 17 poisoned darts (quivered)
Armour
 d - a +0 plate armour (worn)
Scrolls
 f - a scroll of poison
 j - a scroll of identify
 m - a scroll of fog {unknown}
Potions
 b - a potion of haste {unknown}
 c - 7 potions of curing
 e - 2 potions of attraction {unknown}
 g - 4 potions of ambrosia {unknown}
 i - a potion of brilliance {unknown}
 k - a potion of magic {unknown}
 l - a potion of lignification {unknown}
 n - 2 potions of flight


   Skills:
 - Level 3.6 Fighting
 + Level 9.2 Axes
 - Level 2.4 Armour
 - Level 2.1 Dodging


You had 5 spell levels left.
You didn't know any spells.
Your spell library was empty.

Dungeon Overview and Level Annotations

Branches:
Dungeon (4/15)             Temple (0/1) D:4           Sewer (visited)

Altars:

Shops:
D:4 *


Innate Abilities, Weirdness & Mutations

You have a pair of horns on your head.
You reflexively headbutt those who attack you in melee.


Message History

You kill the orc!
Trog accepts your kill.
An adder comes into view.
You barely miss the orc.
The adder hisses angrily.
You punch the orc.
The orc is moderately wounded.
The orc hits you but does no damage.
You closely miss the orc.
The orc is moderately wounded.
The orc hits you with a +0 falchion.
You closely miss the orc. Your headbutt misses the orc.
The orc is moderately wounded.
You barely miss the orc.
The orc is moderately wounded.
The orc hits you with a +0 falchion.
You closely miss the orc.
The orc is moderately wounded.
The orc hits you but does no damage.
You hit the orc.
The orc is severely wounded.
The orc hits you but does no damage.
You barely miss the orc.
The orc is heavily wounded.
The orc hits you but does no damage.
You hit the orc.
You kill the orc!
Trog accepts your kill.
You hit the orc but do no damage. Your headbutt misses the orc.
The orc hits you but does no damage.
You slash the orc!
You kill the orc!
Trog accepts your kill.
The ogre hits you with a +0 giant spiked club!!
Ouch! That really hurt!
The iguana bites you but does no damage.
Items here: )))) ? [[ ††††.
The ogre attacks as you move away!
The ogre hits you with a +0 giant spiked club!!
You die...

#.#.#.. ######
###.....#
....).
##...#....
......#
###..#...###
.......
#...##......
.......
#.#####.#..#
....... ###.#
#.##.÷
......O####...#
#.###.
.$..>hl@....###
#.# ##
.....S#######
#.# # ..... #.#
## .... ##.###.
... #...... ..
##..... .
#..... #.....
#.....


You could see an ogre, an iguana, an adder and a jackal.

Vanquished Creatures
  A kobold brigand (Sewer)
  A scorpion (D:4)
  The ghost of t4s4d4r the Digger, a weakling DEEE (D:3)
  A jelly (D:3)
  An iguana (D:4)
  Terence (D:2)
  7 adders
  2 river rats (Sewer)
  6 worms
  A dart slug (D:2)
  6 orcs
  3 bats
  5 endoplasms
  4 giant cockroaches
  16 goblins
  4 hobgoblins
  5 jackals
  4 quokkas
  8 ball pythons
  2 frilled lizards
  12 kobolds
  9 rats
100 creatures vanquished.

Vanquished Creatures (others)
  2 fungi (D:3)
  4 toadstools (D:3)
6 creatures vanquished.

Grand Total: 106 creatures vanquished

Notes
Turn   | Place    | Note
-------+----------+-------------------------------------------
     0 | D:1      | HammerPanzer the Minotaur Berserker began the quest for the
                  | Orb.
     0 | D:1      | Reached XP level 1. HP: 19/19 MP: 0/0
   114 | D:1      | Reached skill level 4 in Axes
   163 | D:1      | Reached XP level 2. HP: 24/26 MP: 1/1
   663 | D:2      | Reached skill level 5 in Axes
   748 | D:2      | Reached ** piety under Trog
   756 | D:2      | Reached XP level 3. HP: 21/31 MP: 2/2
  1237 | D:2      | Reached skill level 6 in Axes
  1237 | D:2      | Reached XP level 4. HP: 39/39 MP: 3/3
  1327 | D:2      | Noticed Terence
  1339 | D:2      | Killed Terence
  1688 | D:3      | Reached skill level 7 in Axes
  1688 | D:3      | Reached XP level 5. HP: 22/45 MP: 4/4
  1821 | D:3      | Found a transporter.
  1821 | D:3      | Noticed t4s4d4r's ghost (weakling DEEE)
  1825 | D:3      | Found a transporter.
  2251 | D:3      | Killed t4s4d4r's ghost
  2251 | D:3      | Reached *** piety under Trog
  2390 | D:4      | Reached skill level 8 in Axes
  2390 | D:4      | Reached XP level 6. HP: 51/51 MP: 5/5
  2480 | D:4      | Found a staircase to the Ecumenical Temple.
  2486 | D:4      | Found Heinui's Elemental Accessories.
  2663 | D:4      | Found a glowing drain.
  2672 | Sewer    | Entered a sewer
  2797 | Sewer    | Reached skill level 9 in Axes
  2853 | Sewer    | Found a white marble altar of Elyvilon.
  3013 | D:4      | Slain by an ogre

Illustrated notes

Levels and vault maps discovered:
D:1:      matt_arrival_refuge, layout_basic, minivault_11
D:2:      layout_loops_ring, grunt_ministairs_5, uniq_terence
D:3:      layout_rooms, gammafunk_ghost_arena, minmay_gold_behind_fungi,
          kennysheep_doodads
D:4:      kennysheep_goblin_castle, layout_rooms,
          nicolae_dithmenos_through_a_glass_darkly, minmay_temple_entry_arrows,
          cheibrodos_sewer_entry_bend, nicolae_elemental_shop,
          hangedman_abyss_or_decor_passed

Skill      XL: |  1  2  3  4  5  6 |
---------------+-------------------+-----
Axes           | 4 5 6 7 8 9 |  9.2
Fighting       | |  3.6
Armour         | |  2.4
Dodging        | |  2.1

Action                     |  1- 3 |  4- 6 || total
---------------------------+-------+-------++-------
  Melee: Hand axe          |    65 |   148 ||   213
         Headbutt          |     7 |    22 ||    29
         Punch             |     2 |     3 ||     5
 Invoke: Berserk           |       |     5 ||     5
    Use: Scroll            |       |     3 ||     3
 Armour: Plate armour      |    36 |    82 ||   118
  Dodge: Dodged            |    19 |    42 ||    61

Table legend: (Time is in decaauts)
 A = Elapsed time spent in this place.
 B = Non-inter-level travel time spent in this place.
 C = Inter-level travel time spent in this place.
 D = Time resting spent in this place.
 E = Time spent auto-exploring this place.
 F = Levels seen in this place.
 G = Mean time per level.
                   A        B        C        D        E       F      G
               +--------+--------+--------+--------+--------+-----+--------+
         Total |   3067 |   2926 |    141 |    352 |   1896 |   5 |  613.4 |
       Dungeon |   2817 |   2676 |    141 |    299 |   1749 |   4 |  704.2 |
         Sewer |    250 |    250 |      0 |     53 |    147 |   1 |  250.0 |
               +--------+--------+--------+--------+--------+-----+--------+

Top non-repeatable levels by time:
     D:2: 1137 daAuts
     D:1: 626 daAuts
     D:3: 556 daAuts
     D:4: 497 daAuts
   Sewer: 250 daAuts
